 Dungeon Crawl Stone Soup version 0.23.0-3-gf3c87f2 (webtiles) character file.

Game seed: 5608031852245291675

553 dvd the Stinger (level 7, -2/38 HPs)
             Began as a Kobold Venom Mage on Feb 22, 2019.
             Was an Initiate of Dithmenos.
             Splashed by a jelly's acid (9 damage)
             ... on level 5 of the Dungeon.
             The game lasted 00:18:38 (6096 turns).

dvd the Stinger (Kobold Venom Mage)                 Turns: 6096, Time: 00:18:39

Health: -2/38      AC:  3    Str:  6    XL:     7   Next: 55%
Magic:  9/13       EV: 15    Int: 24    God:    Dithmenos [......]
Gold:   179        SH:  0    Dex: 17    Spells: 4/14 levels left

rFire    + . .     SeeInvis .   v - +0 rapier
rCold    . . .     Gourm    .   (shield restricted)
rNeg     . . .     Faith    .   u - +0 leather armour {MR+}
rPois    .         Spirit   .   (no helmet)
rElec    .         Reflect  .   (no cloak)
rCorr    .         Harm     .   (no gloves)
MR       ++...                  (no boots)
Stlth    ++........             (no amulet)
HPRegen  0.12/turn              k - ring of protection from magic
MPRegen  0.13/turn              x - ring of the Purple Skies {+Blink rF+ Int+6 Dex+2 Slay-2}

@: hasted, very quick
A: small, carnivore
a: Renounce Religion, Evoke Blink


You were on level 5 of the Dungeon.
You worshipped Dithmenos.
Dithmenos was noncommittal.
You were very full.

You visited 2 branches of the dungeon, and saw 6 of its levels.

You collected 179 gold pieces.

Inventory:

Hand Weapons
 b - a +0 dagger
 i - a +0 hand axe of venom
 v - a +0 rapier (weapon)
Armour
 a - a +0 robe
 u - a +0 leather armour of magic resistance (worn)
Jewellery
 k - a ring of protection from magic (left hand)
 x - the ring of the Purple Skies (right hand) {+Blink rF+ Int+6 Dex+2 Slay-2}
   (You found it on level 4 of the Dungeon)

   [ring of dexterity]

   It affects your intelligence (+6).
   It affects your dexterity (+2).
   It affects your accuracy and damage with ranged weapons and melee attacks
   (-2).
   It protects you from fire.
   It lets you blink.
Scrolls
 d - 6 scrolls of identify {unknown}
 e - a scroll of magic mapping {unknown}
 f - a scroll of blinking {unknown}
 o - a scroll of enchant armour {unknown}
 p - a scroll of random uselessness {unknown}
 s - a scroll of remove curse {unknown}
 y - a scroll of teleportation {unknown}
Potions
 g - 2 potions of invisibility {unknown}
 h - 2 potions of haste
 j - a potion of magic {unknown}
 l - a potion of mutation {unknown}
 m - a potion of ambrosia {unknown}
 n - a potion of agility {unknown}
 q - a potion of curing {unknown}
 r - 2 potions of degeneration {unknown}
 t - a potion of might {unknown}
Comestibles
 c - 5 rations


   Skills:
 + Level 1.0 Fighting
 + Level 2.4 Short Blades
 + Level 0.9 Armour
 + Level 3.8 Dodging
 + Level 3.6 Stealth
 + Level 4.0 Spellcasting
 + Level 2.3 Conjurations
 + Level 2.2 Air Magic
 + Level 4.9 Poison Magic


You had 4 spell levels left.
You knew the following spells:

 Your Spells              Type           Power        Failure   Level  Hunger
a - Sting                 Conj/Pois      ###.         3%          1    None
b - Poisonous Vapours     Pois/Air       ###...       5%          2    #......
c - Mephitic Cloud        Conj/Pois/Air  ###.....     12%         3    ##.....
d - Olgreb's Toxic Radia  Pois           ####....     21%         4    ####...

Your spell library contained the following spells:

 Spells                   Type           Power        Failure   Level  Hunger
 Venom Bolt               Conj/Pois      ###.......   67%         5    ######.


Dungeon Overview and Level Annotations

Branches:
Dungeon (5/15)             Temple (1/1) D:4

Altars:
Cheibriados
Dithmenos
Elyvilon
Fedhas
Gozag
Hepliaklqana
Kikubaaqudgha
Makhleb
Nemelex Xobeh
Qazlal
Sif Muna
Trog
Uskayaw
Vehumet
Zin

Shops:
D:4 *

Annotations:
D:5 Pikel


Innate Abilities, Weirdness & Mutations

You are small and have problems with some larger weapons.
You are carnivorous and can eat meat at any time.


Message History

There is a stone staircase leading up, spattered with blood here.
Unknown command.
The iguana closely misses you.
Found a robe.
Casting: Mephitic Cloud (safe; 12% risk of failure)
Confirm with . or Enter, or press ? or * to list all spells.
You begin to radiate toxic energy.
Pikel is poisoned.
The slave is poisoned. x2
The iguana is poisoned.
The iguana barely misses you. The slave completely misses you.
Unknown command.
The iguana looks even sicker.
Unknown command.
The slave looks even sicker.
The iguana looks even sicker.
The jelly completely misses you.
The slave looks even sicker.
The slave barely misses you.
Your toxic aura wanes.
The jelly hits you.
* * * LOW HITPOINT WARNING * * *
You are splashed with acid!
You die...

#......#
#......#
#......#
#......#
#......#
#pK....#
#lp....#
#.J.<..#
#.@....#
#......#
#......#
#...>..#
########


You could see Pikel, 2 slaves, an iguana and a jelly.

Vanquished Creatures
  An ogre (D:4)
  A hound (D:4)
  2 orc priests (D:4)
  A bullfrog skeleton (D:4)
  2 worker ants (D:4)
  3 orc wizards
  A howler monkey skeleton (D:4)
  7 gnolls
  7 adders
  2 oozes (D:2)
  An adder skeleton (D:4)
  A worm (D:4)
  2 dart slugs
  5 leopard geckos
  10 orcs
  2 giant cockroaches
  7 goblins
  5 hobgoblins
  3 quokkas
  4 bats
  6 frilled lizards
  6 kobolds
  8 rats
87 creatures vanquished.

Notes
Turn   | Place    | Note
-------+----------+-------------------------------------------
     0 | D:1      | dvd the Kobold Venom Mage began the quest for the Orb.
     0 | D:1      | Reached XP level 1. HP: 10/10 MP: 3/3
   246 | D:1      | Reached XP level 2. HP: 15/15 MP: 1/5
   354 | D:1      | Learned a level 2 spell: Poisonous Vapours
   981 | D:2      | Reached XP level 3. HP: 19/19 MP: 6/6
   986 | D:2      | Learned a level 3 spell: Mephitic Cloud
  1338 | D:2      | Reached XP level 4. HP: 24/24 MP: 3/7
  2968 | D:3      | Reached skill level 1 in Air Magic
  2968 | D:3      | Reached XP level 5. HP: 28/28 MP: 4/9
  3047 | D:3      | Learned a level 4 spell: Olgreb's Toxic Radiance
  3473 | D:3      | Reached XP level 6. HP: 29/33 MP: 2/11
  3812 | D:4      | Found Plog's Elemental Accessories.
  3855 | D:4      | Found a staircase to the Ecumenical Temple.
  3858 | D:4      | Noticed an ice beast
  3869 | Temple   | Entered the Ecumenical Temple
  3965 | Temple   | Became a worshipper of Dithmenos the Shadowed
  3981 | D:4      | Noticed a phantom
  4905 | D:4      | Reached XP level 7. HP: 21/37 MP: 1/12
  5307 | D:4      | Found a deep blue altar of Sif Muna.
  5416 | D:4      | Found a bloodstained altar of Trog.
  5432 | D:4      | Reached skill level 1 in Fighting
  5532 | D:4      | Got a fine turquoise ring
  5533 | D:4      | Identified the ring of the Purple Skies {+Blink rF+ Int+6
                  | Dex+2 Slay-2} (You found it on level 4 of the Dungeon)
  5991 | D:5      | Entered Level 5 of the Dungeon
  5991 | D:5      | Noticed Pikel
  6096 | D:5      | Splashed by a jelly's acid

Skill      XL: |  1  2  3  4  5  6  7 |
---------------+----------------------+-----
Conjurations   | 2 |  2.3
Stealth        | 3 |  3.6
Poison Magic   | 4 |  4.9
Air Magic      | 1 2 |  2.2
Spellcasting   | 3 4 |  4.0
Dodging        | 3 |  3.8
Fighting       | 1 |  1.0
Short Blades   | 2 |  2.4
Armour         | |  0.9

Action                   |  1- 3 |  4- 6 |  7- 9 || total
-------------------------+-------+-------+-------++-------
Melee: Dagger            |    30 |    39 |     5 ||    74
       Unarmed           |     2 |       |       ||     2
       Rapier            |       |       |    38 ||    38
 Cast: Sting             |    26 |    14 |       ||    40
       Poisonous Vapours |     6 |    53 |    14 ||    73
       Mephitic Cloud    |     1 |     3 |     4 ||     8
       Olgreb's Toxic Ra |       |     2 |     3 ||     5
  Use: Potion            |       |       |     1 ||     1
 Stab: Sleeping          |     2 |     1 |     3 ||     6
       Confused          |     1 |       |     1 ||     2
  Eat: Chunk             |    10 |    15 |     4 ||    29
Armor: Robe              |     9 |     9 |       ||    18
       Leather armour    |       |       |     8 ||     8
Dodge: Dodged            |    39 |    58 |    45 ||   142
